 Dungeon Crawl Stone Soup version 0.29.1-12-g30fa7ad0bf (webtiles) character file.

Game seed: 8386164112410477832

20 KittyFluff the Trooper (level 2, 0/19 HPs)
             Began as a Gargoyle Berserker on Jan 13, 2023.
             Was a Follower of Trog.
             Slain by a gnoll
             ... wielding a +0 halberd
              (8 damage)
             ... on level 2 of the Dungeon.
             The game lasted 00:05:31 (1347 turns).

KittyFluff the Trooper (Gargoyle Berserker)         Turns: 1347, Time: 00:05:32

Health: 0/19       AC:  7    Str: 20    XL:     2   Next: 79%
Magic:  2/2        EV: 11    Int:  7    God:    Trog [*.....]
Gold:   89         SH:  3    Dex:  9    Spells: 1/1 levels left

rFire   . . .      SeeInvis .   a - +0 mace
rCold   . . .      Faith    .   d - +0 buckler
rNeg    + . .      Spirit   .   i - +0 leather armour
rPois   ∞          Reflect  .   (no helmet)
rElec   +          Harm     .   (no cloak)
rCorr   .          Rampage  .   n - +0 pair of gloves
Will    .....                   (no boots)
Stlth   +.........              (no amulet)
HPRegen 0.06/turn               (no ring)
MPRegen 0.08/turn               (no ring)

@: no status effects
A: sickness immunity, AC +2, negative energy resistance 1, electricity
resistance, torment resistance 1, petrification resistance
a: Renounce Religion, Berserk


You were on level 2 of the Dungeon.
You worshipped Trog.
Trog was aware of your devotion.
You visited 1 branch of the dungeon, and saw 2 of its levels.

You collected 89 gold pieces.

Inventory:

Hand Weapons
 a - a +0 mace (weapon)
 p - a +0 sling
Missiles
 e - 13 stones (quivered)
 o - 11 boomerangs
Armour
 d - a +0 buckler (worn)
 i - a +0 leather armour (worn)
 k - a +3 chain mail
 m - a +0 ring mail
 n - a +0 pair of gloves (worn)
Jewellery
 q - a ring of fire
Scrolls
 b - a scroll of magic mapping {unknown}
 f - a scroll of enchant weapon {unknown}
 g - a scroll of vulnerability {unknown}
 h - a scroll of identify
Potions
 c - a potion of mutation
 j - a potion of degeneration
 l - a potion of resistance
 r - a potion of magic


   Skills:
 + Level 3.4 Fighting
 * Level 3.2 Maces & Flails
 * Level 2.6 Armour
 + Level 1.8 Dodging
 + Level 0.7 Shields


You had one spell level left.
You didn't know any spells.
Your spell library was empty.

Dungeon Overview and Level Annotations

Branches:
Dungeon (2/15)

Altars:

Shops:
D:1 [


Innate Abilities, Weirdness & Mutations

You are immune to sickness and miasma.
Your stone body is resilient. (AC +2)
You are immune to poison.
You resist negative energy. (rN+)
You are resistant to electric shocks. (rElec)
You are resistant to unholy torment.
You are immune to petrification.


Message History

o - 11 boomerangs (gained 6)
You now have 89 gold pieces (gained 14).
q - a ring of fire
r - a grey potion
As you read the scroll of identify, it crumbles to dust.
r - a potion of magic
Found a scroll of identify.
h - a scroll of identify A gnoll comes into view.
It is wielding a +0 spear.
The gnoll shouts!
You hear a shout!
Throw: 16 stones
Press: ? - help, Q - select action, (/) - cycle Shift-Dir - straight line, f - gnoll
Aim: a gnoll, wielding a +0 spear (58% to hit)
You throw a stone. The stone hits the gnoll.
The gnoll is lightly wounded.
Throw: 15 stones
Press: ? - help, Q - select action, (/) - cycle Shift-Dir - straight line, f/p - gnoll
Aim: a gnoll, wielding a +0 spear (lightly wounded, 58% to hit)
You throw a stone.
The stone hits the gnoll but does no damage.
The gnoll is lightly wounded.
A gnoll comes into view. It is wielding a +0 halberd.
Throw: 14 stones
Press: ? - help, Q - select action, (/) - cycle Shift-Dir - straight line, f/p - gnoll
Aim: a gnoll, wielding a +0 spear (lightly wounded, 58% to hit)
You throw a stone.
The stone hits the gnoll but does no damage.
The gnoll is lightly wounded.
The gnoll hits you with a +0 spear.
You thump the gnoll!
The gnoll is almost dead.
The gnoll completely misses you.
You closely miss the gnoll.
The gnoll is almost dead.
The gnoll hits you with a +0 spear. x2; The gnoll misses you.
You completely miss the gnoll.
The gnoll is almost dead.
The gnoll hits you with a +0 spear!
The gnoll hits you from afar with a +0 halberd!
You die...

..................>......##
##.#..#.##.#....#........#
#.#............#.....####
#.#....#..#....#.....#
#.#.####..<....#.....#
##.### #....####.....# ...#
.#.............# ...#
...#########...#.# ...#
...........@g....#
...#......########g####
......#. #.# ......# #.#
......# #.# ###.....# #.#
.....# #g# #....# #.# #
....# #.#


You could see 2 gnolls.

Vanquished Creatures
  A dart slug (D:1)
  2 endoplasms
  2 goblins
  A hobgoblin (D:2)
  A jackal (D:1)
  A kobold (D:1)
  2 quokkas (D:1)
  A ball python (D:1)
  A bat (D:2)
  2 frilled lizards (D:1)
  3 rats
17 creatures vanquished.

Notes
Turn   | Place    | Note
-------+----------+-------------------------------------------
     0 | D:1      | KittyFluff the Gargoyle Berserker began the quest for the
                  | Orb.
     0 | D:1      | Reached XP level 1. HP: 14/14 MP: 1/1
   516 | D:1      | Reached XP level 2. HP: 18/19 MP: 2/2
   599 | D:1      | Found Nonleuda's Armour Boutique.
  1347 | D:2      | Slain by a gnoll

Illustrated notes

Levels and vault maps discovered:
D:1:      dpeg_arrival_brainrot, layout_loops_ring, serial_shops, shop
D:2:      layout_basic, serial_shops, shop, basic_altar, uniq_natasha

Action                   || total
-------------------------++-------
Melee: Mace              ||    45
Throw: Stone             ||     7
  Use: Scroll            ||     4
Armor: Animal skin       ||     4
       Leather armour    ||    14
Dodge: Dodged            ||    16
Block: Buckler           ||     7
